 Dungeon Crawl Stone Soup version 0.19.0-19-g8c6edcc (webtiles) character file.

18 Esekla the Grasshopper (level 2, 0/16 HPs)
             Began as a Deep Elf Warper on Nov 13, 2016.
             Slain by an adder (3 damage)
             ... on level 3 of the Dungeon.
             The game lasted 00:09:44 (1733 turns).

Esekla the Grasshopper (Deep Elf Warper)            Turns: 1733, Time: 00:09:44

Health: 0/16       AC:  5    Str:  8    XL:     2   Next: 51%
Magic:  6/8        EV: 12    Int: 17    God:
Gold:   65         SH:  0    Dex: 14    Spells: 2 memorised, 3 levels left

rFire  . . .     SeeInvis .     a - +1 short sword
rCold  . . .     Gourm    .     b - +0 leather armour
rNeg   . . .     Faith    .     (no shield)
rPois  .         Spirit   .     h - +0 helmet
rElec  .         Reflect  .     i - +0 cloak
rCorr  .         Harm     .     (no gloves)
MR     .....                    (no boots)
Stlth  +.........               j - amulet of inaccuracy (curse)
                                (no ring)
                                (no ring)

@: lethally poisoned (0 -> -10)
A: no striking features
a: no special abilities


You were on level 3 of the Dungeon.
You were not hungry.

You visited 1 branch of the dungeon, and saw 3 of its levels.

You collected 65 gold pieces.

Inventory:

Hand Weapons
 a - a +1 short sword (weapon)
Missiles
 e - 4 tomahawks of dispersal
 g - 73 stones (quivered)
Armour
 b - a +0 leather armour (worn)
 h - a +0 helmet (worn)
 i - a +0 cloak (worn)
Jewellery
 j - a cursed amulet of inaccuracy (around neck)
Scrolls
 d - a scroll of blinking
Potions
 k - a potion of invisibility
 l - a potion of curing {unknown}
 m - a potion of lignification {unknown}
 n - a potion of berserk rage
Books
 c - a book of Spatial Translocations

   Spells                             Type                      Level
   a - Blink                          Translocation                2
   b - Shroud of Golubria             Charms/Translocation         2
   c - Lesser Beckoning               Translocation                3
   d - Portal Projectile              Translocation                3
   e - Teleport Other                 Translocation                3
   f - Passage of Golubria            Translocation                4
 f - a book of Power

   Spells                             Type                      Level
   a - Fulminant Prism                Conjuration/Hexes            4
   b - Iskenderun's Mystic Blast      Conjuration                  4
   c - Venom Bolt                     Conjuration/Poison           5
   d - Bolt of Magma                  Conjuration/Fire/Earth       5
   e - Iron Shot                      Conjuration/Earth            6
   f - Orb of Destruction             Conjuration                  7
   g - Spellforged Servitor           Conjuration/Summoning        7
Comestibles
 o - a bread ration


   Skills:
 - Level 1.5 Fighting
 * Level 2.6 Short Blades
 - Level 1.0 Throwing
 - Level 1.0 Armour
 + Level 2.9 Dodging
 - Level 3.0 Spellcasting
 + Level 3.3 Translocations


You had 3 spell levels left.
You knew the following spells:

 Your Spells              Type           Power        Failure   Level  Hunger
a - Blink                 Tloc           N/A          12%         2    ##.....
b - Shroud of Golubria    Chrm/Tloc      #.........   21%         2    ##.....


Dungeon Overview and Level Annotations

Branches:
Dungeon (3/15)

Altars:

Annotations:
D:2 Robin, Terence


Message History

You closely miss the adder. The adder closely misses you.
You hit the adder but do no damage. The adder bites you but does no damage.
You closely miss the adder. The adder closely misses you. The adder bites you.
You are poisoned.
The adder poisons you!
You hit the adder.
The adder is lightly wounded.
You feel sick. The adder bites you.
Your shroud falls apart!
You miss the adder.
The adder is lightly wounded.
The adder bites you.
* * * LOW HITPOINT WARNING * * *
You are more poisoned.
The adder poisons you!
You miss the adder.
The adder is lightly wounded.
* * * LOW HITPOINT WARNING * * *
You feel sick. The adder bites you.
You die...

#...######..#...)
#$#...###........ #
#............ #.
##.##...####. #
#.####†...#...##.
#>
#...#..#..###....
#..#####........#
###.
#............##.#
##
#...S@.##.......#
##....##..#.....#
≈≈≈$....##.##.....#
≈≈##....##.
........ #
#.....##. #.....##
########. #####


You could see an adder.

Vanquished Creatures
  A dart slug (D:1)
  2 leopard geckos (D:1)
  A goblin (D:1)
  2 hobgoblins
  3 bats (D:1)
  2 frilled lizards
  4 kobolds (D:1)
  2 rats
17 creatures vanquished.

Notes
Turn   | Place    | Note
-------+----------+-------------------------------------------
     0 | D:1      | Esekla the Deep Elf Warper began the quest for the Orb.
     0 | D:1      | Reached XP level 1. HP: 12/12 MP: 6/6
   128 | D:1      | Reached skill level 1 in Armour
   567 | D:1      | Reached XP level 2. HP: 3/16 MP: 8/8
   821 | D:1      | Learned a level 2 spell: Blink
   824 | D:1      | Learned a level 2 spell: Shroud of Golubria
  1490 | D:2      | Noticed Robin
  1570 | D:2      | Noticed Terence
  1733 | D:3      | Slain by an adder

Skill      XL: |  1 |
---------------+----+-----
Armour         | 1 |  1.0
Fighting       | |  1.5
Short Blades   | |  2.6
Throwing       | |  1.0
Dodging        | |  2.9
Spellcasting   | |  3.0
Translocations | |  3.3

Action                   || total
-------------------------++-------
Melee: Short sword       ||    88
Throw: Stone             ||    32
       Tomahawk          ||     1
 Cast: Shroud of Golubri ||     1
  Use: Scroll            ||     6
  Eat: Bread ration      ||     1
       Beef jerky        ||     1
Armor: Leather armour    ||    20
Dodge: Dodged            ||    60
